 Dungeon Crawl Stone Soup version 0.27.1-15-g792fb953b9 (webtiles) character file.

Game seed: 3168826717510381611

6324 safid the Cleaver (level 10, -2/93 HPs)
             Began as a Hill Orc Fighter on Nov 12, 2021.
             Was an Initiate of Beogh.
             Slain by a two-headed ogre (6 damage)
             ... on level 9 of the Dungeon on Nov 18, 2021.
             The game lasted 00:32:50 (12098 turns).

safid the Cleaver (Hill Orc Fighter)               Turns: 12098, Time: 00:32:52

Health: -2/93      AC: 16    Str: 23    XL:     10   Next: 95%
Magic:  10/10      EV:  6    Int:  8    God:    Beogh [......]
Gold:   311        SH: 12    Dex: 10    Spells: 9/9 levels left

rFire    . . .     SeeInvis .   a - +1 war axe
rCold    . . .     Faith    .   c - +0 kite shield
rNeg     . . .     Spirit   .   r - +0 plate armour
rPois    +         Reflect  .   C - +1 helmet
rElec    .         Harm     .   (no cloak)
rCorr    .         Rampage  .   (no gloves)
Will     .....                  (no boots)
Stlth    ..........             (no amulet)
HPRegen  0.25/turn              n - ring of poison resistance
MPRegen  0.12/turn              (no ring)

@: marked
A: no striking features
a: Renounce Religion


You were on level 9 of the Dungeon.
You worshipped Beogh.
Beogh was noncommittal.
You visited 1 branch of the dungeon, and saw 9 of its levels.
You also visited: Sewer and Ossuary.

You collected 311 gold pieces.

Inventory:

Hand Weapons
 a - a +1 war axe (weapon)
 z - a +1 antimagic morningstar
Missiles
 t - 5 atropa-tipped darts
 x - 2 throwing nets
 D - 20 poisoned darts (quivered)
Armour
 c - a +0 kite shield (worn)
 r - a +0 plate armour (worn)
 C - a +1 helmet (worn)
Jewellery
 n - a ring of poison resistance (left hand)
 w - a ring of magical power
Wands
 l - a wand of acid (10)
 G - a wand of flame (51)
 I - a wand of digging (3)
Scrolls
 b - 4 scrolls of enchant weapon
 g - 2 scrolls of fog
 h - a scroll of summoning {unknown}
 i - a scroll of vulnerability {unknown}
 j - 3 scrolls of teleportation
 v - 2 scrolls of identify {unknown}
 y - a scroll of holy word {unknown}
 E - a scroll of magic mapping
 F - a scroll of enchant armour
 H - a scroll of blinking {unknown}
 J - a scroll of fear {unknown}
Potions
 d - a potion of brilliance {unknown}
 e - 2 potions of berserk rage {unknown}
 f - 3 potions of degeneration {unknown}
 k - a potion of magic {unknown}
 m - 11 potions of curing
 o - 3 potions of lignification {unknown}
 p - a potion of invisibility {unknown}
 q - a potion of mutation {unknown}
 s - a potion of cancellation {unknown}
 u - a potion of haste {unknown}
 A - a potion of attraction {unknown}
 B - 2 potions of flight
 K - a potion of heal wounds


   Skills:
 - Level 10.0 Fighting
 + Level 10.9 Axes
 + Level 9.5 Armour
 + Level 9.7 Shields


You had 9 spell levels left.
You didn't know any spells.
Your spell library contained the following spells:

 Spells                   Type           Power      Damage    Failure   Level
 Passwall                 Tmut/Erth      0%         N/A       100%        2
 Sublimation of Blood     Necr           0%         N/A       100%        2
 Wereblood                Tmut           0%         N/A       100%        2
 Gell's Gravitas          Tloc           0%         N/A       100%        3
 Lesser Beckoning         Tloc           0%         N/A       100%        3
 Teleport Other           Tloc           0%         N/A       100%        3
 Petrify                  Tmut/Erth      0%         N/A       100%        4
 Summon Ice Beast         Ice/Summ       0%         N/A       100%        4
 Alistair's Intoxication  Tmut/Pois      0%         N/A       100%        5
 Bolt of Magma            Conj/Fire/Erth 0%         4d4       100%        5
 Borgnjor's Vile Clutch   Necr/Erth      0%         N/A       100%        5
 Irradiate                Conj/Tmut      0%         3d13      100%        5
 Eringya's Noxious Bog    Tmut/Pois      0%         N/A       100%        6
 Summon Hydra             Summ           0%         N/A       100%        7


Dungeon Overview and Level Annotations

Branches:
Dungeon (9/15)             Temple (0/1) D:4            Lair (0/6) D:8
  Sewer (visited)         Ossuary (visited)
    Orc: D:9-12

Altars:
Dithmenos
Makhleb
Ru
Trog
Uskayaw
Yredelemnul

Annotations:
D:9 1 runed translucent door, Gastronok; Rickety's ghost, novice GnVM


Message History

A centaur comes into view.
The orc warrior hits you with a +0 glaive!
The centaur wields a +0 shortbow.
The centaur shoots an arrow.
The arrow barely misses you.
Unknown command.
The centaur shoots an arrow.
The arrow hits you.
The orc warrior hits you with a +0 glaive.
The centaur shoots an arrow.
The arrow hits you. You block the orc warrior's attack.
The centaur shoots an arrow.
The arrow hits you but does no damage.
A two-headed ogre comes into view.
It is wielding a +0 giant spiked club and a +0 giant club.
The centaur shoots an arrow.
You block the arrow.
The orc warrior hits you from afar with a +0 glaive!
The orc priest closely misses the orc warrior.
The centaur shoots an arrow.
The arrow hits you.
The centaur shoots an arrow.
The arrow hits you but does no damage.
The centaur shoots an arrow.
The arrow hits you.
* * * LOW HITPOINT WARNING * * *
The centaur shoots an arrow.
You block the arrow.
The centaur shoots an arrow.
The arrow hits you but does no damage.
The centaur unwields a +0 shortbow.
You block the centaur's attack.
The centaur kicks you but does no damage.
You block the two-headed ogre's attack.
The two-headed ogre hits you but does no damage.
The centaur hits you but does no damage.
The centaur kicks you but does no damage.
The centaur hits you but does no damage.
The centaur kicks you but does no damage.
The orc warrior hits you from afar with a +0 glaive!!
* * * LOW HITPOINT WARNING * * *
There is a stone staircase leading down, spattered with blood here.
You can't go up here!
The centaur barely misses you.
The centaur kicks you but does no damage.
The orc warrior hits you from afar with a +0 glaive.
* * * LOW HITPOINT WARNING * * *
You block the centaur's attack. x2
The two-headed ogre hits you but does no damage.
The two-headed ogre hits you with a +0 giant club.
You die...

#..........'.......+
#.......w..####'####
#.........## #.....
#.........# #...##
#.........# #...#
#....oo...# #...#
#.........# #...#
#...co....# #...#
#..@O.....# #...#
#.........# #...#
#.........# #...#
#.........# #...#
#.........# #...#
#.........# #...#
#.........# #...#
#.........# #.).#
#.........# #...#


You could see Gastronok, a two-headed ogre, an orc warrior, a centaur, a neutral
orc priest (wandering) and a neutral orc wizard (wandering).

Vanquished Creatures
  A boulder beetle (D:8)
  2 two-headed ogres (D:8)
  Pikel (D:9)
  Maggie (D:7)
  A komodo dragon (D:8)
  Grinder (D:3)
  A meliai zombie (D:6)
  A wyvern (D:8)
  A steam dragon (D:7)
  Duvessa (D:6)
  3 water moccasins
  An ice beast (D:5)
  2 black bears
  3 ogres
  A necrophage (D:8)
  A centaur (D:9)
  A lemure (D:9)
  2 kobold brigands
  2 scorpions (D:5)
  Dowan (D:6)
  4 water moccasin zombies
  4 wights (D:8)
  An electric eel (D:8)
  3 centaur zombies (D:9)
  7 hounds
  A jelly (D:5)
  A centaur skeleton (D:5)
  A gnoll shaman (D:7)
  2 iguanas
  2 orc wizards (D:5)
  A hound zombie (D:5)
  3 mummies
  11 gnolls
  A howler monkey skeleton (D:6)
  6 adders
  A river rat (Sewer)
  2 shadow imps
  A white imp (D:7)
  2 adder zombies (Ossuary)
  A worm (D:2)
  2 dart slugs (D:2)
  11 orcs
  8 ball pythons
  10 endoplasms
  4 giant cockroaches
  5 gnoll zombies (Ossuary)
  2 goblins
  9 hobgoblins
  7 jackals
  4 quokkas
  3 bats
  4 frilled lizards
  4 hobgoblin zombies (Ossuary)
  16 kobolds
  4 kobold zombies (Ossuary)
  11 orc zombies (Ossuary)
  12 rats
199 creatures vanquished.

Vanquished Creatures (others)
  An orc wizard (D:5)
  4 fungi (D:8)
  35 plants (D:8)
  5 toadstools (D:1)
45 creatures vanquished.

Grand Total: 244 creatures vanquished

Notes
Turn   | Place    | Note
-------+----------+-------------------------------------------
     0 | D:1      | safid the Hill Orc Fighter began the quest for the Orb.
     0 | D:1      | Reached XP level 1. HP: 19/19 MP: 1/1
    19 | D:1      | Found a faded altar of an unknown god.
   155 | D:1      | Reached XP level 2. HP: 16/27 MP: 2/2
   688 | D:1      | Reached XP level 3. HP: 19/33 MP: 3/3
  1886 | D:2      | Found a burning altar of Makhleb.
  2021 | D:2      | Reached XP level 4. HP: 36/40 MP: 4/4
  2248 | D:2      | Upgraded the game from 0.27.1-4-g1640c2035a to
                  | 0.27.1-15-g792fb953b9
  2381 | D:3      | Noticed Grinder
  2397 | D:3      | Killed Grinder
  2398 | D:3      | Reached skill level 5 in Fighting
  2398 | D:3      | Reached XP level 5. HP: 16/48 MP: 5/5
  2398 | D:3      | Reached XP level 6. HP: 19/56 MP: 6/6
  3371 | D:4      | Reached skill level 5 in Axes
  3375 | D:4      | Got the Grimoire of the Rocks and Slavery
  3433 | D:4      | Noticed a black bear
  3444 | D:4      | Killed a black bear
  3445 | D:4      | Reached skill level 5 in Armour
  3445 | D:4      | Reached skill level 5 in Shields
  3445 | D:4      | Reached XP level 7. HP: 38/62 MP: 7/7
  3927 | D:4      | Found a staircase to the Ecumenical Temple.
  4034 | D:5      | Entered Level 5 of the Dungeon
  4522 | D:5      | Reached XP level 8. HP: 64/71 MP: 8/8
  5805 | D:6      | Found a basalt altar of Yredelemnul.
  5808 | D:6      | Found a hide-covered altar of Uskayaw.
  5811 | D:6      | Found a shadowy altar of Dithmenos.
  5899 | D:6      | Noticed Duvessa
  5899 | D:6      | Noticed Dowan
  5904 | D:6      | Killed Duvessa
  5917 | D:6      | Killed Dowan
  5918 | D:6      | Reached XP level 9. HP: 66/79 MP: 9/9
  5979 | D:6      | Found a glowing drain.
  5994 | Sewer    | Entered a sewer
  6109 | Sewer    | Found a white marble altar of Elyvilon.
  6374 | D:6      | Found a bloodstained altar of Trog.
  6934 | D:6      | Found a sacrificial altar of Ru.
  7263 | D:7      | Noticed Maggie
  7279 | D:7      | Killed Maggie
  7680 | D:7      | Found a sand-covered staircase.
  7690 | Ossuary  | Entered an ossuary
  9156 | D:8      | Noticed a two-headed ogre
  9169 | D:8      | Killed a two-headed ogre
  9170 | D:8      | Reached XP level 10. HP: 28/91 MP: 10/10
  9426 | D:8      | Noticed a boulder beetle
  9858 | D:8      | Noticed a two-headed ogre
  9872 | D:8      | Killed a two-headed ogre
  9873 | D:8      | Reached skill level 10 in Axes
 10432 | D:8      | Found a staircase to the Lair.
 10462 | D:8      | Killed a boulder beetle
 10463 | D:8      | Reached skill level 10 in Fighting
 11415 | D:9      | Noticed Gastronok
 11530 | D:9      | Found a burning altar of Makhleb.
 11587 | D:9      | Noticed Pikel
 11598 | D:9      | Killed Pikel
 11735 | D:9      | Found a runed translucent door.
 11735 | D:9      | Noticed Rickety's ghost (novice GnVM)
 11735 | D:9      | Noticed a boulder beetle
 12081 | D:9      | Became a worshipper of Beogh the Brigand
 12091 | D:9      | Noticed a two-headed ogre
 12098 | D:9      | HP: 4/93 [orc warrior (5)]
 12098 | D:9      | Slain by a two-headed ogre

Illustrated notes

Levels and vault maps discovered:
D:1:      ldierk_walled_garden, layout_loops_cross,
          dreamdust_ecumenical_altar_statues
D:2:      layout_basic, basic_altar, minmay_tall_x
D:3:      layout_loops_ring, minmay_box_of_dots, uniq_grinder
D:4:      cheibrodos_old_hovel, layout_cave_pools, minmay_temple_entry_poolview
D:5:      cheibrodos_helix_gallery, layout_basic
D:6:      layout_basic, mainiacjoe_overflow_small_starburst,
          mainiacjoe_overflow_surrounded_room, grunt_temple_overflow_diamond,
          portal_sewer_entry_d, serial_curves, eino_curves_04, eino_curves_02,
          uniq_duvessa
D:7:      layout_basic, gup_ossuary_entry_pyramid, minmay_misc_feat_room,
          uniq_maggie
D:8:      layout_basic, david_lair_shrubbed, serial_rivers,
          chequers_serial_rivers_room_a, chequers_serial_rivers_small_b,
          chequers_serial_rivers_small_b, chequers_serial_rivers_small_a,
          chequers_serial_rivers_micro_b, kennysheep_donut, water_boxes_lemuel
D:9:      layout_long_grid, lemuel_mausoleum_altar_kikubaaqudgha,
          mainiacjoe_overflow_six_doors_small, ebering_ghost_inner_flame,
          uniq_gastronok, uniq_pikel

Skill      XL: |  1  2  3  4  5  6  7  8  9 10 |
---------------+-------------------------------+-----
Axes           | 3 4 5 6 7 9 10 | 10.9
Fighting       | 4 5 6 7 9 10 | 10.0
Armour         | 4 5 6 8 9 |  9.5
Shields        | 4 5 6 8 9 |  9.7

Action                   |  1- 3 |  4- 6 |  7- 9 | 10-12 || total
-------------------------+-------+-------+-------+-------++-------
Melee: War axe           |   118 |    88 |   450 |   142 ||   798
Throw: Dart              |       |       |     1 |    19 ||    20
Invok: Convert to Beogh  |       |       |       |     1 ||     1
  Use: Potion            |       |     1 |     5 |     4 ||    10
       Scroll            |       |       |     7 |     1 ||     8
Armor: Scale mail        |    56 |    15 |       |       ||    71
       Plate armour      |       |    45 |   284 |    66 ||   395
Dodge: Dodged            |    41 |    23 |    97 |    23 ||   184
Block: Kite shield       |    76 |    48 |   255 |    69 ||   448
